 Dungeon Crawl Stone Soup version 0.21.1-1-g345015fe64 (webtiles) character file.

96 Lentor the Skirmisher (level 4, -1/41 HPs)
             Began as a Minotaur Berserker on June 20, 2018.
             Was a Believer of Trog.
             Killed by divine providence
             ... invoked by an orc priest
              (15 damage)
             ... on level 3 of the Dungeon.
             The game lasted 00:02:27 (2442 turns).

Lentor the Skirmisher (Minotaur Berserker)          Turns: 2442, Time: 00:02:27

Health: -1/41      AC:  5    Str: 22    XL:     4   Next: 41%
Magic:  3/3        EV:  8    Int:  4    God:    Trog [**....]
Gold:   109        SH:  9    Dex: 10    Spells: 3/3 levels left

rFire    . . .     SeeInvis .   a - +0 falchion
rCold    . . .     Gourm    .   m - +2 shield
rNeg     . . .     Faith    .   l - +0 ring mail
rPois    .         Spirit   .   (helmet restricted)
rElec    .         Reflect  .   (no cloak)
rCorr    .         Harm     .   (no gloves)
MR       .....                  (no boots)
Stlth    +.........             (no amulet)
HPRegen  0.13/turn              (no ring)
MPRegen  0.08/turn              (no ring)

@: no status effects
A: retaliatory headbutt, horns 2
a: Berserk, Trog's Hand, Burn Spellbooks, Renounce Religion


You were on level 3 of the Dungeon.
You worshipped Trog.
Trog was pleased with you.
You were not hungry.

You visited 1 branch of the dungeon, and saw 3 of its levels.

You collected 109 gold pieces.

Inventory:

Hand Weapons
 a - a +0 falchion (weapon)
Armour
 l - a +0 ring mail (worn)
 m - a +2 shield (worn)
Jewellery
 n - a +3 ring of evasion {unknown}
Scrolls
 d - 6 scrolls of identify {unknown}
 i - a scroll of enchant armour {unknown}
 j - a scroll of amnesia {unknown}
 k - a scroll of immolation {unknown}
Potions
 b - a potion of invisibility {unknown}
 e - a potion of haste {unknown}
 f - 2 potions of curing {unknown}
 g - a potion of flight {unknown}
 h - a potion of might {unknown}
Comestibles
 c - 3 rations
 o - 2 chunks of flesh


   Skills:
 + Level 4.9 Fighting
 + Level 4.7 Long Blades
 + Level 2.7 Armour
 + Level 2.7 Dodging
 + Level 0.4 Stealth
 + Level 0.2 Shields


You had 3 spell levels left.
You didn't know any spells.

Dungeon Overview and Level Annotations

Branches:
Dungeon (3/15)

Altars:
Hepliaklqana


Innate Abilities, Weirdness & Mutations

You reflexively headbutt those who attack you in melee.
You have a pair of horns on your head.


Message History

The orc priest is moderately wounded.
The orc priest hits you.
You are too injured to fight recklessly!
You are too injured to fight recklessly!
You are too injured to fight recklessly!
You are too injured to fight recklessly!
You are too injured to fight recklessly!
You hit the orc priest. Your headbutt misses the orc priest.
The orc priest is heavily wounded.
The orc priest hits you but does no damage.
The orc hits you but does no damage. You block the orc priest's attack.
Your shield and ring mail prevent you from hitting the orc priest.
The orc priest is heavily wounded.
The orc priest calls down the wrath of Beogh upon you.
Pain shoots through your body! The orc hits you but does no damage.
Your shield prevents you from hitting the orc priest.
The orc priest is heavily wounded.
The orc priest calls down the wrath of Beogh upon you.
Beogh smites you!
You die...

#.# #.##.## #..#
#.... #..# #.##
...# #.# ..##
###.# ..# ######
...# .....# #..#
.###.# #oo#####..
.# #.# #.@.......
.###.#
####)).....%
.....#
#....#######
.###.# #.##)# .#
#.# #.##.# .# #.#
#.##.# .# #.#
#.##.#
.###.########.##.#
†...#............#


You could see an orc priest and an orc.

Vanquished Creatures
  3 adders
  An ooze (D:3)
  2 dart slugs
  4 leopard geckos
  4 orcs (D:3)
  5 bats
  A giant cockroach (D:1)
  10 goblins
  3 hobgoblins
  4 frilled lizards
  9 kobolds
  4 rats
50 creatures vanquished.

Notes
Turn   | Place    | Note
-------+----------+-------------------------------------------
     0 | D:1      | Lentor the Minotaur Berserker began the quest for the Orb.
     0 | D:1      | Reached XP level 1. HP: 19/19 MP: 0/0
   204 | D:1      | Reached XP level 2. HP: 13/27 MP: 1/1
   886 | D:2      | Reached XP level 3. HP: 27/34 MP: 2/2
  1624 | D:2      | Found a hazy altar of Hepliaklqana.
  1715 | D:2      | Reached ** piety under Trog
  1724 | D:2      | Found a faded altar of an unknown god.
  2223 | D:3      | Reached XP level 4. HP: 41/41 MP: 3/3
  2442 | D:3      | Killed from afar by an orc priest

Skill      XL: |  1  2 |
---------------+-------+-----
Long Blades    | 4 |  4.7
Fighting       | 4 |  4.9
Armour         | |  2.7
Dodging        | |  2.7
Stealth        | |  0.4
Shields        | |  0.2

Action                   |  1- 3 |  4- 6 || total
-------------------------+-------+-------++-------
Melee: Falchion          |    70 |    33 ||   103
       Headbutt          |     8 |     5 ||    13
  Eat: Ration            |     1 |       ||     1
       Chunk             |       |     1 ||     1
Armor: Animal skin       |     8 |       ||     8
       Ring mail         |     7 |     8 ||    15
Dodge: Dodged            |    48 |    12 ||    60
Block: Shield            |     5 |    16 ||    21
       Rpst.: Falchion   |    14 |     3 ||    17
